Map: Prion Terraces

Players

Sugar

  • Race: Terran Terran
  • League: Master

Miszu - Winner!

  • Race: Terran Terran
  • League: Diamond

VOD

Have the link to the VOD?

Description

Time

  • Played on: March 25, 2016, 4:47 p.m.
  • Length: 11:04
Show
View Real Time Build Order
Export as new Build Order

Sugar Terran 

Build Orders: 1/1/1, Banshee Rush 

Get SALT Encoding   

  12  0:01  SCV  
  13  0:13  SCV  
  14  0:18  Supply Depot  
  14  0:25  SCV  
  15  0:29  Refinery  
  15  0:39  SCV  
  16  0:44  Barracks  
  16  0:51  SCV  
  16  0:57  Refinery  
  17  1:03  SCV  
  18  1:16  SCV  
  19  1:32  Reaper, Orbital Command  
  19  1:39  Factory  
  20  1:53  Supply Depot  
  20  2:02  SCV  
  20  2:05  Reaper  
  22  2:14  SCV  
  23  2:26  Starport, SCV  
  23  2:28  Hellion  
  26  2:34  Supply Depot  
  27  2:37  Reaper  
  27  2:39  SCV  
  28  2:50  Hellion  
  31  2:51  SCV  
  31  3:03  Supply Depot  
  31  3:05  Starport Tech Lab  
  31  3:09  Reaper  
  31  3:10  SCV  
  31  3:11  Hellion  
  33  3:35  Banshee  
  34  3:42  Cloaking Field  
  32  4:05  Reaper  
  32  4:06  Hellion  
  35  4:10  Command Center  
  35  4:13  Supply Depot  
  35  4:18  Banshee  
  35  4:23  SCV  
  39  4:28  Hellion  
  41  4:35  SCV  
  42  4:47  Barracks Reactor  
  42  4:53  Command Center  
  42  4:54  SCV  
  43  5:06  SCV  
  44  5:18  Starport Reactor, Siege Tank  
  44  5:19  SCV  
  47  5:23  Orbital Command  
  47  5:31  SCV  
  48  5:43  SCV  
  48  5:44  Marine x2  
  48  5:49  SCV  
  52  5:50  Barracks  
  52  5:51  Barracks  
  52  5:52  Siege Tank  
  52  5:55  SCV  
  56  5:57  Supply Depot  
  56  6:01  SCV  
  57  6:05  Marine x2  
  57  6:06  Orbital Command  
  57  6:11  SCV  
  60  6:13  SCV  
  61  6:22  Refinery x2  
  61  6:23  Marine x2, SCV  
  61  6:24  Medivac  
  61  6:25  Medivac, SCV  
  69  6:28  Orbital Command  
  69  6:34  Siege Tank  
  72  6:41  Marine x2  
  72  6:42  Barracks Reactor, Barracks Tech Lab  
  74  6:50  SCV  
  74  6:51  SCV  
  76  6:57  Medivac x2  
  76  6:59  Marine x2  
  82  7:02  SCV x2  
  82  7:04  Marine, Stimpack  
  85  7:11  Barracks  
  85  7:12  Supply Depot, Barracks, SCV  
  85  7:13  Supply Depot  
  85  7:14  SCV  
  87  7:17  Engineering Bay, Marine  
  87  7:20  SCV  
  89  7:24  Engineering Bay, SCV  
  89  7:25  Marine x2  
  92  7:32  SCV  
  92  7:34  Marine, Marauder  
  92  7:35  Barracks, SCV  
  97  7:37  Marine  
  97  7:42  Marine x2  
  100  7:44  Supply Depot  
  100  7:45  Supply Depot, SCV  
  98  7:51  SCV  
  98  7:52  Marine  
  98  7:54  Siege Tank  
  98  7:55  Marine, Medivac  
  98  7:56  SCV  
  107  8:04  Medivac  
  109  8:05  Barracks Reactor, Marine  
  109  8:06  Barracks Tech Lab  
  109  8:08  SCV  
  109  8:09  Supply Depot x2  
  109  8:11  SCV  
  112  8:16  Marine x2  
  112  8:17  Marauder  
  112  8:18  Terran Infantry Weapons Level 1  
  112  8:19  Terran Infantry Armor Level 1  
  116  8:20  Supply Depot  
  116  8:21  Supply Depot, SCV x2  
  116  8:23  SCV  
  119  8:33  SCV  
  119  8:38  SCV  
  119  8:40  Combat Shields  
  120  8:41  Barracks Tech Lab  
  120  8:45  Supply Depot x2  
  120  8:47  Command Center  
  120  8:49  Marine x2  
  120  8:50  Marine x2, Marauder x2  
  120  8:52  Siege Tank  
  120  8:53  Marine  
  120  8:55  Marine  
  133  8:56  SCV  
  133  8:57  SCV  
  133  8:58  SCV  
  136  9:04  Marine  
  136  9:05  Concussive Shells  
  136  9:07  Marine x2  
  136  9:08  Supply Depot, SCV  
  136  9:09  SCV  
  141  9:10  SCV  
  141  9:11  Supply Depot  
  141  9:15  Marauder  
  141  9:16  Medivac x2  
  146  9:19  Marine x2  
  146  9:20  SCV  
  146  9:21  SCV  
  146  9:23  SCV  
  151  9:24  Refinery x2  
  151  9:28  Marine  
  151  9:30  Marine x3  
  155  9:35  Siege Tank  
  155  9:36  SCV  
  155  9:37  Marine  
  159  9:42  Marine, Marauder x2  
  159  9:43  SCV  
  165  9:48  Medivac  
  165  9:49  Marine  
  165  9:50  Marine  
  169  9:53  SCV  
  169  9:54  Marine  
  171  10:02  Planetary Fortress  
  171  10:03  SCV  
  171  10:04  SCV  
  171  10:05  Marine x2  
  178  10:07  Siege Tank, SCV  
  178  10:10  Marine x2  
  178  10:11  Marauder  
  175  10:16  Marine  
  145  10:21  Marine x3  
  145  10:27  Marine  
  118  10:29  Marine  
  118  10:32  Marauder  
  106  10:40  Marauder  
  93  10:43  Marine  
  93  10:44  Marine x2  
  93  10:45  Marine  
  93  10:47  SCV  
Show
View Real Time Build Order
Export as new Build Order

Miszu Terran - Winner!

Build Orders: Reaper Expand, Mech 

Get SALT Encoding   

  12  0:00  SCV  
  13  0:13  SCV  
  14  0:17  Supply Depot  
  14  0:25  SCV  
  15  0:39  SCV  
  15  0:42  Barracks  
  16  0:46  Refinery  
  16  0:51  SCV  
  17  1:04  SCV  
  18  1:18  SCV  
  19  1:30  Orbital Command  
  19  1:31  Reaper  
  20  1:43  Command Center  
  20  1:49  Supply Depot  
  20  1:55  Refinery  
  20  1:56  SCV  
  21  2:03  Reaper  
  22  2:08  SCV  
  23  2:26  Factory, SCV  
  24  2:37  Barracks Reactor  
  24  2:38  SCV  
  25  2:50  SCV  
  25  3:02  SCV  
  25  3:04  Orbital Command  
  26  3:12  Starport  
  26  3:14  SCV  
  26  3:17  Hellion x2  
  31  3:27  SCV  
  27  3:38  Hellion x2  
  29  3:43  SCV  
  30  3:49  Barracks Tech Lab  
  30  3:50  SCV  
  30  3:53  Engineering Bay  
  32  3:55  SCV  
  32  4:00  Hellion  
  34  4:06  Hellion, SCV  
  34  4:07  SCV  
  36  4:18  SCV  
  36  4:19  Viking, SCV, Missile Turret  
  36  4:23  Missile Turret  
  40  4:26  Missile Turret  
  40  4:31  SCV  
  41  4:38  SCV  
  42  4:43  SCV  
  43  4:47  Supply Depot  
  43  4:51  Hellion  
  45  4:55  SCV  
  45  4:58  Hellion  
  46  5:08  Raven  
  46  5:09  Barracks Tech Lab, SCV  
  46  5:10  Barracks Reactor, Factory  
  46  5:14  SCV  
  50  5:17  Hellion  
  50  5:21  SCV  
  53  5:26  Supply Depot, SCV  
  54  5:32  Supply Depot  
  54  5:35  Supply Depot  
  54  5:43  SCV  
  54  5:47  Hellion  
  54  5:48  Hellion, SCV  
  57  5:55  SCV  
  58  6:00  SCV  
  59  6:08  SCV  
  59  6:09  Hellion  
  59  6:10  Hellion  
  62  6:12  SCV  
  62  6:13  Command Center  
  62  6:14  Refinery  
  62  6:16  Infernal Pre-Igniter  
  65  6:18  Hellion  
  65  6:20  SCV  
  65  6:24  Refinery, SCV  
  67  6:30  Hellion  
  67  6:31  Hellion  
  67  6:32  Supply Depot  
  73  6:44  Viking x2  
  77  6:48  Supply Depot  
  77  6:51  SCV x2  
  77  6:56  Supply Depot  
  77  6:57  Supply Depot  
  77  6:59  Hellion  
  79  7:03  SCV x2  
  79  7:04  Hellion  
  85  7:12  Factory  
  85  7:13  Siege Tank  
  85  7:15  SCV  
  87  7:19  SCV, Armory  
  88  7:27  SCV  
  88  7:28  Orbital Command  
  89  7:31  SCV  
  88  7:39  SCV  
  88  7:40  Hellion x2  
  93  7:44  SCV  
  94  7:52  SCV  
  94  7:56  Siege Tank  
  98  8:01  Factory Tech Lab  
  98  8:02  Hellion x2, Orbital Command  
  102  8:06  Terran Vehicle Weapons Level 1  
  102  8:10  Medivac x2  
  102  8:12  SCV  
  107  8:13  SCV  
  107  8:17  Supply Depot  
  108  8:23  Siege Tank  
  108  8:25  SCV  
  112  8:28  Siege Tank  
  112  8:30  SCV  
  112  8:32  Refinery x2, SCV  
  117  8:37  SCV  
  117  8:40  Medivac x2  
  122  8:42  Hellion x2, SCV  
  122  8:44  SCV  
  128  8:55  Siege Tank  
  131  8:59  SCV x2  
  133  9:06  Supply Depot x2, SCV  
  133  9:08  Siege Tank  
  133  9:09  Hellion x2  
  141  9:11  SCV x2  
  143  9:25  Sensor Tower  
  143  9:28  Siege Tank  
  146  9:40  Siege Tank  
  146  9:41  Hellion x2  
  146  9:42  Factory  
  146  9:43  Factory  
  153  9:50  Command Center  
  153  10:00  Siege Tank  
  153  10:02  Hellion  
  153  10:03  Hellion  
  157  10:12  Siege Tank  
Tags
 
Composition
Mech
Matchup
TvT
Player
Miszu
Race
Terran
Strategy
Banshee Rush
Add a new tag
Caveats
  • Supply blocks, unpowered buildings, or Contaminate may cause inaccurate times.
  • Supply counts are checked every 10 seconds.